[Event "Begum Laila Alam 12th Women 2022"]
[Site "Dhaka"]
[Date "2022.05.10"]
[Round "6.1"]
[White "Sultana, Sharmin Shirin"]
[Black "Wadifa, Ahmed"]
[Result "1-0"]
[ECO "A80"]
[WhiteElo "1992"]
[BlackElo "1791"]
[Annotator "TA"]
[PlyCount "75"]
[EventDate "2022.05.05"]
[EventType "swiss"]
[EventCountry "BAN"]
[SourceTitle "playchess.com"]
[Source "ChessBase"]
[SourceQuality "1"]
[TimeControl "5400+30"]

1. d4 f5 2. Nc3 Nf6 3. Nf3 g6 4. Bf4 Bg7 5. Qd2 Ne4 6. Nxe4 {[%emt 1:19:59] A80: Dutch Defence: Unusual White second moves.} fxe4 7. Ng5 d5 {[%emt 0:01:14] [#]} 8. h4 $146 {[%emt 0:00:00] The position is equal.} ({Predecessor:} 8. e3 Nc6 9. O-O-O h6 10. Nh3 Bg4 11. Be2 Bxe2 12. Qxe2 Qd7 13. Bg3 e5 14. dxe5 Nxe5 {0-1 (40) Beavan,R (1919)-Koch,H (2340) ICCF email 2011}) 8... h6 (8... c5 $5 9. Bxb8 Rxb8 $11) 9. Nh3 Nc6 10. c3 Bf5 11. e3 Qd7 12. Bb5 a6 13. Ba4 O-O-O 14. b4 b5 (14... Bg4 $15) 15. Bb3 g5 {[%emt 0:04:13] Threatens to win with ...Bxh3.} 16. Bg3 (16. hxg5 e5 17. gxh6 (17. dxe5 Bxh3 18. Rxh3 hxg5 $11) 17... exf4 18. hxg7 Qxg7 $11) 16... Bf6 ({Better is} 16... e5 $14) 17. h5 (17. a4 $16) 17... Kb7 18. Ng1 e5 19. Ne2 Rhe8 (19... Ra8 $142) 20. Nc1 (20. O-O $1 $16) 20... a5 $2 (20... exd4 $1 $11 21. cxd4 Bg4) 21. a4 $18 exd4 22. cxd4 (22. axb5 Nxb4 23. cxd4 (23. cxb4 dxe3 24. fxe3 Bxa1 $17) 23... Rc8 $16) 22... Nxb4 23. axb5 {[%emt 0:00:00][%mdl 64] Remove Defender} Qxb5 ({Weaker is} 23... Ra8 24. O-O $16 (24. Qc3 Be7 $14)) 24. Ba4 {[%emt 0:03:40][%mdl 64] Skewer} Qc4 {[%emt 0:00:03][%cal Of6e7] [#]} 25. Ra3 $2 (25. Nb3 $1 $18 Ra8 26. Nc5+ Kb6 27. Rc1) 25... Re7 $2 (25... c6 $1 $11 {and Black has nothing to worry.}) 26. Rc3 Qa6 27. Nb3 {[%emt 0:00:25] And now Nc5+ would win.} Kb8 28. Nc5 Qb6 29. O-O Kc8 30. Rb1 Bd7 {[%emt 0:03:43] [#]} 31. Bxc7 $1 Qa7 (31... Qxc7 32. Bxd7+) 32. Bxd8 (32. Nxd7 $142 Rdxd7 33. Bxa5+ Kb8 34. Bxb4 Qb7 35. Rc6 Rh7 36. Rxf6 Rhf7 37. Rxf7) 32... Kxd8 33. Nxd7 Rxd7 34. Bxd7 Qxd7 35. Rc5 Qa4 36. Qc1 {[%emt 0:00:39] Threatening mate with Rc8+.} Ke7 37. Rc7+ Ke6 38. Ra7 {[%emt 0:01:27] Weighted Error Value: White=0.36/Black=1.03} (38. Qc5 $142 Qe8 39. Qxa5 Kf5 40. Rxb4 Qd8 {[#]} 41. Rb6 $1 Kg4 42. Rf7 Be5 43. dxe5) 1-0

[Event "Begum Laila Alam 12th Women 2022"]
[Site "Dhaka"]
[Date "2022.05.10"]
[Round "6.2"]
[White "Hamid, Rani"]
[Black "Sultana, Zakia"]
[Result "1-0"]
[ECO "C00"]
[WhiteElo "1783"]
[BlackElo "1777"]
[Annotator "NA RC COMBH"]
[PlyCount "127"]
[EventDate "2022.05.05"]
[EventType "swiss"]
[EventCountry "BAN"]
[SourceTitle "playchess.com"]
[Source "ChessBase"]
[SourceQuality "1"]
[TimeControl "5400+30"]

1. e4 e6 2. d3 d5 3. Qe2 c5 4. Nf3 Nc6 5. g3 Nf6 6. Bg2 Be7 7. O-O d4 8. e5 Nd5 9. Na3 O-O 10. h4 f6 11. exf6 Nxf6 12. Nc4 Nd5 13. Nce5 Nxe5 14. Nxe5 Bf6 15. Nf3 Rb8 16. Bd2 Bd7 17. Rae1 b5 18. Bg5 h6 19. Bxf6 Rxf6 20. Ne5 Be8 21. Ng4 Rf8 22. Qxe6+ Bf7 23. Qc6 Nb4 24. Qxc5 Nxa2 25. Ne5 Rc8 26. Qxb5 Rb8 27. Qc5 Rc8 28. Qxa7 Nb4 29. Re4 Nxc2 30. Rf4 Rc7 31. Qb6 Rc8 32. Qxd8 Rcxd8 33. Nc6 Rd7 34. Rc1 Bb3 35. Re4 Ba4 36. Re2 Rd6 37. Rexc2 Bxc2 38. Rxc2 Re8 39. b4 Re1+ 40. Kh2 Rb1 41. Be4 Kf7 42. Rc4 g5 43. h5 Rb2 44. Kg2 Rf6 45. Ne5+ Ke7 46. Ng4 Rd6 47. Bg6 Rb6 48. Nxh6 R2xb4 49. Nf5+ Kf6 50. Rxd4 Rxd4 51. Nxd4 Rd6 52. Nf3 g4 53. Nd2 Rd4 54. Kf1 Rd8 55. Ke2 Ke5 56. Ke3 Rf8 57. Be4 Rh8 58. Nc4+ Ke6 59. Bg6 Rf8 60. Nd2 Ke5 61. d4+ Kd5 62. Be4+ Kd6 63. h6 Ke6 64. h7 1-0

[Event "Begum Laila Alam 12th Women 2022"]
[Site "Dhaka"]
[Date "2022.05.10"]
[Round "6.3"]
[White "Khan, Nazrana"]
[Black "Noshin, Anjum"]
[Result "0-1"]
[ECO "D24"]
[WhiteElo "1829"]
[BlackElo "2065"]
[Annotator "TA"]
[PlyCount "126"]
[EventDate "2022.05.05"]
[EventType "swiss"]
[EventCountry "BAN"]
[SourceTitle "playchess.com"]
[Source "ChessBase"]
[SourceQuality "1"]
[TimeControl "5400+30"]

1. d4 d5 2. c4 dxc4 3. Nf3 Nf6 4. Nc3 a6 5. a4 Nc6 6. e3 Na5 $1 7. Ne5 {[%emt 0:06:41] D24: Queen's Gambit Accepted: 3 Nf3 Nf6 4 Nc3.} e6 (7... Be6 {with more complications.} 8. e4 Nb3 9. d5 Ng4) 8. Nxc4 Nxc4 9. Bxc4 {[%emt 0:00:15] The position is equal.} c5 {[%emt 0:00:07] [#]} 10. d5 $146 ({Predecessor:} 10. O-O cxd4 11. exd4 Be7 12. d5 exd5 13. Nxd5 Nxd5 14. Bxd5 O-O 15. Qf3 Bg4 16. Bxf7+ Rxf7 17. Qxg4 Bc5 18. Be3 Qb6 19. a5 {1-0 (36) Seo,J (2453)-Fataliyeva,U (2301) Chess.com INT 2021}) 10... exd5 11. Nxd5 Be6 12. Nxf6+ Qxf6 13. Qb3 Bxc4 14. Qxc4 Be7 15. O-O O-O 16. Qc2 Qc6 (16... b5 $15) 17. e4 (17. a5 $11) 17... b5 $15 18. Be3 c4 19. b3 ({White has to play} 19. Rac1) 19... Rfc8 (19... c3 $17 20. Rad1 Rfd8) 20. Rac1 $2 (20. bxc4 $15 Qxc4 21. Qxc4 bxc4 22. Rfc1) 20... c3 (20... Qe6 $1 $19 {is more deadly.} 21. Qe2 Qxe4 22. axb5 axb5 23. bxc4 bxc4) 21. f4 (21. Rfd1 $17) 21... b4 22. Rfd1 Bc5 23. Kf2 Rd8 {[%emt 0:05:04] Against Qd3} 24. Bxc5 Qxc5+ 25. Kf3 g6 26. g4 Qa5 27. g5 $2 (27. e5) 27... Rxd1 $19 28. Rxd1 {[%emt 0:00:30][%mdl 4096] Endgame KQR-KQR} Rd8 {[%emt 0:00:06] Inhibits Qd3.} 29. h4 Rxd1 30. Qxd1 {[%emt 0:00:02] KQ-KQ} Qc7 {[%emt 0:00:07] Prevents Qd6.} 31. Qc2 Qd7 {[%emt 0:04:01] ...Qh3+ is the strong threat.} 32. f5 Kf8 33. Ke3 Qd6 {[%emt 0:03:54] Prevents Qh2.} 34. Kf3 {[%emt 0:01:10] Prevents Qg3+.} Ke7 35. Qe2 Qc6 36. f6+ Ke6 (36... Kd7 $142 37. Qc2 Kc7) 37. Qc2 Kd7 (37... a5 $142 38. Ke2 Qc5) 38. Ke3 Qc5+ 39. Kf3 Ke8 {[%emt 0:00:04] And now ...a5 would win.} 40. Kf4 Qd6+ (40... a5 $142 41. Kf3 Qc8) 41. Kf3 Qd7 {[%emt 0:00:03] Hoping for ...Qh3+.} 42. Ke3 Qh3+ 43. Kd4 Qxh4 (43... a5 $142 44. Qe2 Qd7+ 45. Ke3 Qh3+ 46. Kd4 Qc8) 44. Qd3 $2 (44. Qe2 Kd8 45. Kc5 Qxg5+ 46. e5) 44... Qxg5 $2 (44... Qf2+ $19 45. Qe3 Qxe3+ 46. Kxe3 Kd7) 45. Qxa6 $11 Qd2+ 46. Ke5 Qh2+ 47. Kd4 Qd2+ 48. Ke5 Qh2+ 49. Kd4 Qc7 {[%emt 0:00:23] Inhibits Qc8+.} 50. Kd3 Qd7+ 51. Ke3 $2 ({White must play} 51. Kc4 $11) 51... Qd2+ (51... h5 $1 $17 52. Qc4 h4) 52. Kf3 $15 Qd7 {[%emt 0:00:27] Black is more active.} (52... c2 $1 $15 53. Qc8+ Qd8 54. Qc6+ Kf8) 53. Ke3 $19 {[%emt 0:02:44] [#] Threatens to win with Qa8+.} h5 $1 ({And not} 53... Qd2+ 54. Kf3 $15) 54. a5 $2 (54. Qc4 $17) 54... Qd2+ 55. Kf3 {[%emt 0:00:22] [#]} c2 $1 ({Inferior is} 55... Qd1+ 56. Kf4 $19) 56. Qc8+ Qd8 57. Qc6+ Kf8 58. Qxc2 Qxf6+ 59. Ke2 Qa6+ 60. Qd3 Qxa5 {[%emt 0:00:05] aiming for ...Qc5.} 61. Kf3 Qc5 {[%emt 0:00:24] Inhibits Qd4. ( -> ...Qc3)} 62. Kf4 g5+ 63. Kf3 Qc3 {[%emt 0:00:19] Weighted Error Value: White=0.88/Black=0.46} 0-1

[Event "Begum Laila Alam 12th Women 2022"]
[Site "Dhaka"]
[Date "2022.05.10"]
[Round "6.4"]
[White "Nusrat Jahan, Alo"]
[Black "Kazi Zarin, Tasnim"]
[Result "1-0"]
[ECO "C54"]
[WhiteElo "1652"]
[BlackElo "1899"]
[Annotator "NA RC COMBH"]
[PlyCount "65"]
[EventDate "2022.05.05"]
[EventType "swiss"]
[EventCountry "BAN"]
[SourceTitle "playchess.com"]
[Source "ChessBase"]
[SourceQuality "1"]
[TimeControl "5400+30"]

1. e4 e5 2. Nf3 Nc6 3. Bc4 Bc5 4. c3 Nf6 5. d4 exd4 6. e5 d5 7. Bb5 Ne4 8. cxd4 Bb4+ 9. Bd2 Nxd2 10. Nbxd2 Bd7 11. Bxc6 Bxc6 12. O-O O-O 13. a3 Be7 14. Re1 Bd7 15. Qb3 Bc6 16. Re3 Qd7 17. Rae1 Qe6 18. Nf1 Rac8 19. Ng3 Rfe8 20. Ne2 Qd7 (20... Qf5 $11 {keeps the balance.}) 21. Nf4 Bf8 22. e6 fxe6 23. Nxe6 Qd6 24. Nfg5 h6 {[%emt 0:08:48] [#]} 25. Nh3 $1 b6 26. Nhf4 Be7 $2 (26... Bd7 $16 {is tougher.}) 27. Qd3 Bd7 28. Qg6 Bf6 29. Nh5 $1 Rxe6 30. Rxe6 {[%emt 0:00:17] Remove Defender} Bxe6 31. Nxf6+ Kf8 32. Nh5 Ke7 $18 33. Nxg7 1-0

[Event "Begum Laila Alam 12th Women 2022"]
[Site "Dhaka"]
[Date "2022.05.10"]
[Round "6.5"]
[White "Nusrat, Jahan Liza"]
[Black "Israt, Jahan Diba"]
[Result "1/2-1/2"]
[ECO "B52"]
[WhiteElo "1541"]
[BlackElo "1757"]
[Annotator "NA RC COMBH"]
[PlyCount "95"]
[EventDate "2022.05.05"]
[EventType "swiss"]
[EventCountry "BAN"]
[SourceTitle "playchess.com"]
[Source "ChessBase"]
[SourceQuality "1"]
[TimeControl "5400+30"]

1. e4 c5 2. Nf3 d6 3. Bb5+ Bd7 4. Bxd7+ Nxd7 5. O-O Ngf6 6. Re1 g6 7. c3 Bg7 8. d4 cxd4 9. cxd4 O-O 10. Nc3 a6 11. Be3 Nb6 12. b3 Rc8 13. Rc1 Ng4 14. Bf4 e5 15. Bg5 f6 16. Bd2 d5 17. h3 Nh6 18. dxe5 fxe5 19. Ng5 Qd7 20. exd5 Nxd5 21. Nxd5 Qxd5 22. Ne4 Nf5 23. Rxc8 Rxc8 24. Qf3 Qc6 25. Rc1 Qd7 26. g4 Rxc1+ 27. Bxc1 Nd4 28. Qd3 Qf7 29. Kg2 Qd5 30. Be3 b5 31. f3 Qc6 32. Qc3 Qb7 33. Qc5 h6 34. Qd6 Kh7 35. Bxd4 exd4 36. Nf6+ Bxf6 37. Qxf6 Qd7 38. Kf2 d3 39. Ke1 Qe8+ 40. Kd2 Qe2+ 41. Kc3 Qc2+ 42. Kb4 Qc7 43. Qd4 Qc2 44. Qd7+ Kg8 45. Qe8+ Kg7 46. Qe7+ Kg8 47. Qe8+ Kg7 48. Qe7+ 1/2-1/2

[Event "Begum Laila Alam 12th Women 2022"]
[Site "Dhaka"]
[Date "2022.05.10"]
[Round "6.6"]
[White "Omnia Binta Yusuf, Lubaba"]
[Black "Tabassum Sadia, Shahjahan"]
[Result "1-0"]
[ECO "C47"]
[WhiteElo "1652"]
[BlackElo "1269"]
[Annotator "NA RC COMBH"]
[PlyCount "49"]
[EventDate "2022.05.05"]
[EventType "swiss"]
[EventCountry "BAN"]
[SourceTitle "playchess.com"]
[Source "ChessBase"]
[SourceQuality "1"]
[TimeControl "5400+30"]

1. e4 e5 2. Nf3 Nc6 3. d4 exd4 4. Nxd4 Nf6 5. Nc3 Bb4 6. Nxc6 bxc6 7. Bd3 O-O 8. O-O d5 9. exd5 cxd5 10. Qf3 c6 11. Bg5 Be7 12. Rfe1 Rb8 13. Rab1 Be6 14. Ne2 h6 15. Bf4 Bd6 16. Nd4 Qd7 17. Bxh6 gxh6 18. Qxf6 Rfe8 19. Qxh6 c5 20. Bh7+ Kh8 21. Bf5+ Kg8 22. Qh7+ Kf8 23. Nxe6+ Rxe6 24. Rxe6 Bxh2+ 25. Kxh2 1-0

[Event "Begum Laila Alam 12th Women 2022"]
[Site "Dhaka"]
[Date "2022.05.11"]
[Round "7.1"]
[White "Noshin, Anjum"]
[Black "Hamid, Rani"]
[Result "1-0"]
[ECO "B43"]
[WhiteElo "2065"]
[BlackElo "1783"]
[Annotator "TA"]
[PlyCount "42"]
[EventDate "2022.05.05"]
[EventType "swiss"]
[EventCountry "BAN"]
[SourceTitle "playchess.com"]
[Source "ChessBase"]
[SourceQuality "1"]
[TimeControl "5400+30"]

1. e4 c5 2. Nf3 e6 3. d4 cxd4 4. Nxd4 a6 5. Nc3 Qc7 6. Bd3 Nf6 7. O-O Be7 {[%emt 0:00:11] 7...Bc5 is setting a new trend.} 8. Kh1 Nc6 {[%emt 0:00:27] B43: Sicilian: Kan Variation: 5 Nc3.} 9. Nxc6 bxc6 10. f4 d5 {[%emt 0:01:33] The position is equal.} 11. e5 Nd7 12. b3 {[%emt 0:05:01] [#]} f5 $146 ({Predecessor:} 12... g6 13. Bb2 Bb7 14. Qe2 Nc5 15. Nd1 h5 16. Nf2 a5 17. Rfc1 a4 18. Bd4 Nxd3 19. Nxd3 {½-½ (31) Vedder,R (2216)-Wegerle,J (2421) Vlissingen 2005}) 13. Na4 (13. exf6 $5 Bxf6 14. Bb2 $11) 13... O-O 14. g4 (14. Bd2 $11 {remains equal.}) 14... g6 (14... c5 $17 {White should prevent ...Bb7.} 15. gxf5 Bb7) 15. gxf5 gxf5 16. Qh5 Rf7 $2 {[%emt 0:01:00][%mdl 8192] [#]} (16... Bb7 $11) 17. Rg1+ $18 Rg7 18. Rxg7+ Kxg7 19. Bb2 Nf8 {[%emt 0:00:00] [#]} 20. Bxf5 $1 {[%emt 0:00:00][%mdl 512] Threatening mate with Rg1+.} exf5 (20... Bb4 21. Rg1+) 21. e6+ $1 Kg8 {[%emt 0:01:30] Weighted Error Value: White=0.20 (precise) /Black=1.18} 1-0

[Event "Begum Laila Alam 12th Women 2022"]
[Site "Dhaka"]
[Date "2022.05.11"]
[Round "7.2"]
[White "Nusrat Jahan, Alo"]
[Black "Sultana, Sharmin Shirin"]
[Result "1/2-1/2"]
[ECO "B48"]
[WhiteElo "1652"]
[BlackElo "1992"]
[Annotator "TA"]
[PlyCount "36"]
[EventDate "2022.05.05"]
[EventType "swiss"]
[EventCountry "BAN"]
[SourceTitle "playchess.com"]
[Source "ChessBase"]
[SourceQuality "1"]
[TimeControl "5400+30"]

1. e4 c5 2. Nf3 e6 3. d4 cxd4 4. Nxd4 a6 5. Nc3 Qc7 6. Bd3 Nf6 7. O-O b5 8. a3 Bb7 9. Re1 Nc6 10. Nxc6 Qxc6 11. Be3 Be7 12. f3 {[%emt 0:03:11] B48: Sicilian: Taimanov: 5 Nc3 Qc7 6 Be3 a6 without Be2.} Qc7 {[%emt 0:03:56] [#]} 13. f4 $146 ({Predecessor:} 13. Qd2 O-O 14. Qf2 Rac8 15. Rad1 d6 16. Kh1 Rfe8 17. Qg3 Nh5 18. Qh3 g6 19. Ne2 Bf6 {0-1 (41) Tseshkovsky,V (2545)-Ivanchuk,V (2709) Warsaw 2002}) 13... d6 14. Kh1 {[%emt 0:00:47] The position is equal.} O-O 15. Qf3 Nd7 16. Qh3 Nc5 17. Bd4 Nxd3 18. Qxd3 Qc4 {[%emt 0:02:53] An interesting draw.  Weighted Error Value: White=0.09 (flawless) /Black=0.01 (flawless)} 1/2-1/2

[Event "Begum Laila Alam 12th Women 2022"]
[Site "Dhaka"]
[Date "2022.05.11"]
[Round "7.3"]
[White "Israt, Jahan Diba"]
[Black "Omnia Binta Yusuf, Lubaba"]
[Result "1-0"]
[ECO "B15"]
[WhiteElo "1757"]
[BlackElo "1652"]
[Annotator "NA RC COMBH"]
[PlyCount "83"]
[EventDate "2022.05.05"]
[EventType "swiss"]
[EventCountry "BAN"]
[SourceTitle "playchess.com"]
[Source "ChessBase"]
[SourceQuality "1"]
[TimeControl "5400+30"]

1. e4 c6 2. d4 d5 3. Nc3 dxe4 4. Nxe4 Nf6 5. Nxf6+ exf6 6. Bf4 Bf5 7. c3 Be7 8. Bd3 Bg6 9. Ne2 Nd7 10. Ng3 O-O 11. O-O Re8 12. Nf5 Nf8 13. h4 Ne6 14. Be3 c5 15. Nxe7+ Qxe7 16. d5 Bxd3 17. Qxd3 Nf8 18. d6 Qe5 19. Rad1 b6 20. Qd5 Qxd5 21. Rxd5 Nd7 22. Rc1 Re5 23. Rxe5 fxe5 24. f4 f6 25. b4 c4 26. Kf2 Kf7 27. f5 a5 28. b5 Rc8 29. Rd1 g6 30. g4 gxf5 31. gxf5 e4 32. Bd4 Re8 33. a4 e3+ 34. Bxe3 Rxe3 35. Kxe3 Ke8 36. Kd4 Nc5 37. Re1+ Kd7 38. Kd5 Nxa4 39. Re7+ Kd8 40. Kc6 Nc5 41. Rxh7 Ke8 42. d7+ 1-0

[Event "Begum Laila Alam 12th Women 2022"]
[Site "Dhaka"]
[Date "2022.05.11"]
[Round "7.4"]
[White "Wadifa, Ahmed"]
[Black "Essaba, Masnun"]
[Result "1-0"]
[ECO "B13"]
[WhiteElo "1791"]
[BlackElo "1316"]
[Annotator "NA RC COMBH"]
[PlyCount "103"]
[EventDate "2022.05.05"]
[EventType "swiss"]
[EventCountry "BAN"]
[SourceTitle "playchess.com"]
[Source "ChessBase"]
[SourceQuality "1"]
[TimeControl "5400+30"]

1. e4 c6 2. d4 d5 3. exd5 cxd5 4. Bd3 Nf6 5. Ne2 Nc6 6. c3 e5 7. dxe5 Nxe5 8. Bc2 Be7 9. O-O O-O 10. Bf4 Nc4 11. b3 Nd6 12. Nd2 Be6 13. Nf3 Nde4 14. Nfd4 Bd7 15. f3 Nc5 16. Bg3 Nh5 17. b4 Nxg3 18. hxg3 Ne6 19. Nf5 Bc6 20. Qd3 g6 21. Nxe7+ Qxe7 22. Rad1 Rad8 23. Bb3 a6 24. Rfe1 Qc7 25. g4 Nf4 26. Nxf4 Qxf4 27. a4 b5 28. Qc2 Qf6 29. axb5 axb5 30. Rd4 Bb7 31. Red1 Qb6 32. Kf1 h5 33. gxh5 gxh5 34. Bxd5 Bxd5 35. Rxd5 Rxd5 36. Rxd5 Ra8 37. Qc1 Ra2 38. Qg5+ Qg6 39. Qxg6+ fxg6 40. Rxb5 h4 41. Rc5 Ra1+ 42. Kf2 Ra2+ 43. Kg1 Rb2 44. b5 Kf7 45. c4 Ke6 46. Kh2 Kf6 47. Kh3 g5 48. g3 Rb3 49. gxh4 Rxf3+ 50. Kg2 g4 51. b6 Rb3 52. Rb5 1-0

[Event "Begum Laila Alam 12th Women 2022"]
[Site "Dhaka"]
[Date "2022.05.11"]
[Round "7.5"]
[White "Sultana, Zakia"]
[Black "Nusrat, Jahan Liza"]
[Result "1-0"]
[ECO "D02"]
[WhiteElo "1777"]
[BlackElo "1541"]
[Annotator "NA RC COMBH"]
[PlyCount "231"]
[EventDate "2022.05.05"]
[EventType "swiss"]
[EventCountry "BAN"]
[SourceTitle "playchess.com"]
[Source "ChessBase"]
[SourceQuality "1"]
[TimeControl "5400+30"]

1. d4 Nc6 2. Nf3 d5 3. Bf4 Bg4 4. Nbd2 e6 5. c3 Bd6 6. Bg3 Bxg3 7. hxg3 Qe7 8. Qa4 f6 9. e3 a6 10. Bd3 Bf5 11. Bxf5 exf5 12. Qb3 O-O-O 13. O-O-O Nh6 14. Qc2 Kb8 15. Nb3 Ng4 16. Nc5 Ka7 17. Rdf1 b6 18. Nb3 Qe4 19. Qe2 Nh6 20. Nbd2 Qe6 21. Kb1 Nf7 22. Rh2 Nd6 23. Rfh1 h6 24. Ka1 Na5 25. b3 Ne4 26. Rc1 Qc6 27. Nxe4 fxe4 28. Nd2 Qd6 29. Kb2 Rb8 30. b4 Nb7 31. a3 c5 32. Rhh1 Qd7 33. Ka2 Qa4 34. Qd1 Qxd1 35. Rhxd1 c4 36. Rh1 Nd6 37. Rh5 f5 38. Rch1 Rbf8 39. Kb2 Kb7 40. a4 Rf6 41. Kc2 Kc7 42. Kd1 Ra8 43. Ke2 Kd7 44. Rf1 a5 45. b5 Raf8 46. g4 Rg6 47. gxf5 Rxf5 48. Rxf5 Nxf5 49. g3 Ke6 50. Rh1 Rg5 51. Rh3 Nd6 52. Rh4 Ne8 53. Nf1 Nf6 54. Nh2 Kf5 55. Kf1 Ng4 56. Nxg4 Rxg4 57. Rh5+ Ke6 58. Re5+ Kd6 59. Kg2 Rg5 60. Re8 Kc7 61. Rf8 Rg6 62. Rf7+ Kc8 63. Kh3 Kd8 64. Rf5 Rd6 65. Rf7 g6 66. Rh7 h5 67. Rf7 Ke8 68. Rb7 Rf6 69. Kg2 Kd8 70. Kg1 Kc8 71. Re7 Kd8 72. Re5 Rd6 73. Kg2 Kd7 74. Kh3 Kd8 75. g4 hxg4+ 76. Kxg4 Kd7 77. f3 exf3 78. Kxf3 Rf6+ 79. Kg2 Kd6 80. e4 dxe4 81. Rxe4 Kd7 82. Re3 Kd6 83. Re8 Kd7 84. Rb8 Kc7 85. Rg8 Re6 86. Kf2 Kb7 87. Rg7+ Kc8 88. Rf7 Kd8 89. Rg7 Kc8 90. Rf7 Kd8 91. Rf3 Kd7 92. Re3 Rf6+ 93. Rf3 Re6 94. Rf7+ Kd6 95. Rb7 Kd5 96. Rc7 Rf6+ 97. Ke2 Re6+ 98. Kd2 Rf6 99. Ke2 Re6+ 100. Kd1 Rf6 101. Re7 Rf3 102. Kd2 Rf6 103. Re5+ Kd6 104. Ke2 Kd7 105. Rg5 Kd6 106. Ke3 Re6+ 107. Kd2 Rf6 108. Ke2 Re6+ 109. Kf2 Kd7 110. Rd5+ Kc7 111. Rg5 Kd7 112. Rg3 Kd6 113. Re3 Rf6+ 114. Kg2 Kd5 115. Re8 Rd6 116. Re5# 1-0

[Event "Begum Laila Alam 12th Women 2022"]
[Site "Dhaka"]
[Date "2022.05.11"]
[Round "7.6"]
[White "Neelava, Choudhury"]
[Black "Tasnia Tarannum, Orpa"]
[Result "1-0"]
[ECO "B15"]
[WhiteElo "1515"]
[BlackElo "1691"]
[Annotator "NA RC COMBH"]
[PlyCount "101"]
[EventDate "2022.05.05"]
[EventType "swiss"]
[EventCountry "BAN"]
[SourceTitle "playchess.com"]
[Source "ChessBase"]
[SourceQuality "1"]
[TimeControl "5400+30"]

1. e4 c6 2. d4 d5 3. Nc3 dxe4 4. Nxe4 Nf6 5. Nxf6+ exf6 6. c3 Bd6 7. Bd3 O-O 8. Qc2 Re8+ 9. Ne2 h6 10. Be3 b6 11. O-O-O Be6 12. Bf4 b5 13. d5 Bxd5 14. Bxb5 Rxe2 15. Qxe2 Bxf4+ 16. Kb1 cxb5 17. Rhe1 Nc6 18. Qxb5 Be4+ 19. Ka1 Qb6 20. Qxb6 axb6 21. Rxe4 Be5 22. f4 Bb8 23. Rc4 Na7 24. Rd8+ Kh7 25. Re4 Nc6 26. Rc8 Na7 27. Rf8 Nc6 28. Ree8 Rxa2+ 29. Kxa2 Bxf4 30. Rxf7 Bxh2 31. Rb7 Bg1 32. Rc7 Ne5 33. Ree7 Kg6 34. Rxg7+ Kf5 35. Rgf7 Nxf7 36. Rxf7 h5 37. b4 h4 38. c4 Ke6 39. Rh7 Bf2 40. Kb3 Ke5 41. Ka4 Kd6 42. Kb5 f5 43. Rh5 f4 44. c5+ bxc5 45. bxc5+ Kc7 46. c6 f3 47. Rh7+ Kc8 48. gxf3 Bg3 49. Kc4 Bf2 50. Kd5 Bg3 51. Ke4 1-0